AoeStats
← JAM

Arena

508841367Analyzed
4v4 RM · 8d ago on Sep 24, 2026· 57m 1s· 8 players
Game mode
Random Map
Map size
Large (8 player)
Population
200
Speed
Normal
Resources
Standard
Victory
Conquest
Starting age
Dark Age
Ending age
Imperial Age
RankedLock teamsTeams togetherTeam positionsShared explorationLock speedFull tech treeHidden civsTurbo modeCheats
Victory
Defeat
🇹🇷 Goths · Türkiye
1408
+11
🇹🇷 Franks · Türkiye
1294
+15
🇪🇸 Turks · Spain
1294
+15
🇹🇷 Italians · Türkiye
1232
+18
🇺🇸 Aztecs · United States
1352
-18
🇨🇳 Franks · China
1310
-16
🇩🇪 Celts · Germany
1226
-13
🇹🇼 Persians · Taiwan
1211
-12
Coldazzzn
10:20 Feudal Age
14:24 Castle Age
12:43 Double-Bit Axe
15:26 Bow Saw
20:19 Horse Collar
21:44 Loom
23:53 Wheelbarrow
28:22 Imperial Age
26:13 Gold Mining
26:14 Stone Mining
27:49 Gold Shaft Mining
28:42 Elite Janissary
30:32 Artillery
30:56 Conscription
34:58 Padded Archer Armor
37:15 Two-Man Saw
36:35 Heavy Plow
36:27 Fletching
36:52 Leather Archer Armor
38:35 Hoardings
38:18 Hand Cart
41:01 Ballistics
41:18 Bombard Tower
40:59 Town Watch
45:48 Ring Archer Armor
45:14 Bodkin Arrow
48:35 Forging
48:31 Scale Barding Armor
49:19 Bloodlines
49:10 Husbandry
49:54 Iron Casting
49:50 Bracer
50:03 Masonry
49:34 Treadmill Crane
51:11 Chain Barding Armor
53:00 Town Patrol
53:51 Plate Barding Armor
54:16 Blast Furnace
54:02 Caravan
Hekimoglu
0:55 Loom
10:38 Feudal Age
14:20 Castle Age
12:37 Double-Bit Axe
12:53 Horse Collar
15:23 Bow Saw
20:32 Heavy Plow
23:01 Wheelbarrow
22:33 Gold Mining
23:19 Stone Mining
24:25 Hand Cart
25:28 Stone Shaft Mining
25:12 Town Watch
28:20 Imperial Age
26:54 Scale Mail Armor
27:04 Forging
26:45 Treadmill Crane
28:30 Squires
29:18 Chain Mail Armor
29:38 Iron Casting
30:35 Devotion
30:59 Conscription
30:25 Pikeman
32:19 Two-Man Saw
33:02 Blast Furnace
32:21 Guilds
32:15 Anarchy
33:10 Halberdier
35:46 Perfusion
35:07 Elite Huskarl
36:26 Coinage
39:15 Chemistry
39:41 Fletching
39:53 Padded Archer Armor
40:05 Masonry
40:15 Ballistics
39:51 Murder Holes
41:10 Banking
43:39 Crop Rotation
46:32 Leather Archer Armor
46:12 Bodkin Arrow
47:01 Caravan
47:58 Ring Archer Armor
55:07 Fervor
bayirm17
10:45 Feudal Age
11:23 Loom
14:26 Castle Age
13:00 Double-Bit Axe
15:21 Bow Saw
20:36 Gold Mining
22:19 Wheelbarrow
23:41 Husbandry
25:16 Ordonnance Companies
25:56 Light Cavalry
30:06 Imperial Age
27:14 Light Cavalry
27:48 Stone Mining
28:33 Gold Shaft Mining
28:18 Squires
28:04 Arson
28:13 Gambesons
28:15 Pikeman
28:59 Scale Mail Armor
29:29 Forging
29:36 Scale Barding Armor
30:26 Chain Mail Armor
31:30 Iron Casting
31:21 Conscription
31:26 Halberdier
33:53 Plate Mail Armor
33:30 Cavalier
36:22 Chivalry
36:57 Hand Cart
38:20 Chain Barding Armor
39:49 Blast Furnace
40:37 Plate Barding Armor
40:44 Town Watch
41:33 Paladin
43:18 Gold Shaft Mining
46:19 Caravan
46:49 Coinage
46:05 Man-at-Arms
48:54 Banking
49:17 Town Patrol
EşrefÇift
10:42 Feudal Age
9:41 Loom
14:38 Castle Age
12:50 Stone Mining
12:54 Double-Bit Axe
13:22 Stone Mining
13:46 Horse Collar
14:54 Gold Mining
20:58 Wheelbarrow
25:01 Fletching
25:14 Padded Archer Armor
26:30 Bodkin Arrow
26:51 Leather Archer Armor
31:10 Hand Cart
30:42 Town Watch
31:08 Scale Mail Armor
34:57 Imperial Age
33:15 Ballistics
33:10 Masonry
33:27 Heavy Plow
33:44 Bow Saw
34:20 Chain Mail Armor
34:17 Forging
37:56 Town Patrol
37:58 Bracer
38:28 Ring Archer Armor
38:22 Conscription
38:06 Elite Genoese Crossbowman
39:35 Architecture
39:02 Murder Holes
41:10 Stone Shaft Mining
45:41 Chemistry
44:53 Fortified Wall
46:23 Hoardings
53:33 Thumb Ring
52:56 Elite Skirmisher
chipchip520
10:59 Feudal Age
15:02 Castle Age
13:15 Horse Collar
13:28 Double-Bit Axe
16:07 Wheelbarrow
16:50 Bow Saw
20:19 Heavy Plow
24:19 Hand Cart
25:14 Gold Mining
29:38 Imperial Age
27:37 Scale Barding Armor
27:42 Forging
28:24 Gold Shaft Mining
27:44 Stone Mining
28:40 Bloodlines
28:31 Husbandry
30:05 Stone Shaft Mining
30:10 Chain Barding Armor
29:30 Cavalier
32:36 Plate Barding Armor
32:36 Iron Casting
31:38 Savar
36:06 Guilds
37:29 Blast Furnace
38:33 Fletching
38:43 Padded Archer Armor
39:19 Bodkin Arrow
39:17 Crossbowman
40:04 Thumb Ring
41:05 Kamandaran
40:38 Light Cavalry
42:46 Ballistics
43:27 Chemistry
43:25 Conscription
43:37 Leather Archer Armor
44:21 Crop Rotation
44:54 Two-Man Saw
47:52 Caravan
Monk Enthusiast
6:58 Loom
7:04 Loom
9:55 Feudal Age
10:28 Horse Collar
10:41 Double-Bit Axe
17:22 Castle Age
16:28 Gold Mining
17:33 Forging
18:09 Eagle Warrior
20:27 Gold Shaft Mining
21:33 Stone Mining
23:17 Sanctity
23:58 Fervor
24:20 Squires
24:06 Arson
25:02 Wheelbarrow
30:54 Imperial Age
31:24 Stone Shaft Mining
31:23 Scale Mail Armor
32:40 Hand Cart
33:17 Chain Mail Armor
32:54 Fletching
32:40 Elite Skirmisher
33:31 Heavy Plow
34:41 Redemption
35:35 Conscription
35:44 Atlatl
36:15 Bodkin Arrow
36:21 Padded Archer Armor
41:46 Crossbowman
41:50 Elite Jaguar Warrior
44:03 Garland Wars
46:44 Leather Archer Armor
49:38 Bracer
50:08 Plate Mail Armor
JAM
0:26 Loom
11:58 Feudal Age
12:36 Double-Bit Axe
12:34 Horse Collar
18:58 Castle Age
17:30 Gold Mining
17:32 Stone Mining
20:09 Bow Saw
20:19 Heavy Plow
21:29 Fortified Wall
21:42 Pikeman
23:23 Ballistics
25:36 Devotion
26:48 Wheelbarrow
25:59 Town Watch
26:45 Scale Mail Armor
27:44 Fletching
29:25 Arson
30:45 Gold Shaft Mining
34:35 Imperial Age
32:21 Hand Cart
32:28 Bodkin Arrow
35:35 Furor Celtica
36:12 Heavy Scorpion
37:59 Conscription
37:47 Siege Engineers
39:07 Chain Mail Armor
42:11 Conscription
43:39 Halberdier
52:06 Murder Holes
棒总
10:28 Feudal Age
14:44 Castle Age
12:54 Double-Bit Axe
16:32 Bow Saw
21:21 Gold Mining
22:56 Wheelbarrow
22:08 Loom
23:44 Stone Mining
24:26 Hand Cart
29:05 Imperial Age
28:01 Gold Shaft Mining
27:40 Forging
27:36 Scale Barding Armor
29:09 Iron Casting
29:45 Chain Barding Armor
29:13 Cavalier
30:17 Conscription
32:04 Chemistry
31:07 Husbandry
32:35 Blast Furnace
32:11 Plate Barding Armor
31:46 Paladin
33:27 Fletching
33:38 Scale Mail Armor
34:14 Squires
33:59 Gambesons
34:00 Arson
35:28 Ballistics
34:31 Elite Throwing Axeman
35:26 Bodkin Arrow
38:20 Chain Mail Armor
38:06 Padded Archer Armor
43:01 Plate Mail Armor
42:47 Leather Archer Armor
42:41 Paladin
42:45 Light Cavalry
44:09 Elite Skirmisher
Connection lost

Rejoining the realm…

Still unreachable

The connection could not be restored.

Session expired

The server has moved on; the page needs a fresh start.